 Dungeon Crawl Stone Soup version 0.32-a0-361-g289a535e89 (webtiles) character file.

Game seed: 5144809153168590962

114545 runemasterragnar the Warrior (level 16, -6/136 HPs)
             Began as a Coglin Gladiator on Feb 18, 2024.
             Was a High Priest of Wu Jian.
             Splashed by a goliath frog's acid (9 damage)
             ... on level 3 of the Swamp.
             The game lasted 00:38:38 (27841 turns).

runemasterragnar the Warrior (Coglin Gladiator)    Turns: 27841, Time: 00:38:39

Health: -6/136     AC: 16    Str: 26    XL:     16   Next: 66%
Magic:  14/14      EV: 12    Int:  8    God:    Wu Jian [*****.]
Gold:   2282       SH:  0    Dex: 18    Spells: 15/15 levels left

rFire   . . .        H - +8 scimitar of the Twelve Planets {flame, ^Fragile rPois Will+ Stlth+}
rCold   + + .        E - +6 shillelagh "Devastator" {shatter}
rNeg    + . .        Q - +3 ring mail {Will+}
rPois   +            c - +0 helmet
rElec   .            (no cloak)
rCorr   .            R - +2 pair of gloves of Moireus {rC++ rN+}
SInv    +            l - +0 pair of boots
Will    +++..        m - amulet of the acrobat
Stlth   ++           O - +6 ring of strength
HPRegen 0.42/turn    k - ring of see invisible
MPRegen 0.14/turn

%: acrobat
@: exhausted, about to teleport, revving
A: off-hand wielding, slow wielding, warmup strikes, warmup strides, low MP 1
a: Renounce Religion, Wall Jump, Serpent's Lash, Heavenly Storm


You were on level 3 of the Swamp.
You worshipped Wu Jian.
Wu Jian was extremely pleased with you.
You visited 6 branches of the dungeon, and saw 27 of its levels.
You also visited: Sewer, Ice Cave and Volcano.

You collected 2585 gold pieces.
You spent 303 gold pieces at shops.

Inventory:

Hand Weapons
 E - the +6 shillelagh "Devastator" (worn) {shatter}
   (You found it on level 5 of the Dungeon)
 H - the +8 scimitar of the Twelve Planets (weapon) {flame, ^Fragile rPois Will+ Stlth+}
   (You found it on level 6 of the Dungeon)

   rPois:     It protects you from poison Will+: It increases your willpower.
   ^Fragile:  It will be destroyed if unequipped.
   Stlth+:    It makes you more stealthy.
Missiles
 b - 17 boomerangs (quivered)
 d - 5 throwing nets
 e - 8 javelins
 g - 21 poisoned darts
Armour
 c - a +0 helmet (worn)
 l - a +0 pair of boots (worn)
 y - a +1 chain mail of fire resistance
 I - +0 ice dragon scales
 Q - a +3 ring mail of willpower (worn)
 R - the +2 pair of gloves of Moireus (worn) {rC++ rN+}
   (You found it on level 9 of the Dungeon)

   rC++:      It greatly protects you from cold.
   rN+:       It protects you from negative energy.
Jewellery
 h - a ring of ice
 i - a +6 ring of intelligence
 k - a ring of see invisible (right grasper)
 m - an amulet of the acrobat (around neck)
 u - a ring of protection from cold
 O - a +6 ring of strength (left grasper)
 U - a +4 ring of protection
 V - a ring of ice
 Y - an amulet of regeneration
Wands
 o - a wand of flame (31)
 p - a wand of polymorph (6)
 x - a wand of paralysis (30)
 D - a wand of mindburst (16)
 L - a wand of roots (5)
 T - a wand of light (15)
Scrolls
 a - 2 scrolls of enchant weapon
 f - 4 scrolls of enchant armour
 j - 4 scrolls of revelation
 n - 4 scrolls of silence
 s - 3 scrolls of vulnerability
 t - 2 scrolls of immolation
 A - a scroll of blinking
 B - a scroll of poison
 F - a scroll of butterflies
 J - 9 scrolls of teleportation
 S - 2 scrolls of brand weapon
 W - 5 scrolls of amnesia
 X - a scroll of torment
 Z - 5 scrolls of identify
Potions
 q - 3 potions of curing
 r - 8 potions of mutation
 v - a potion of magic
 w - 7 potions of lignification
 z - 5 potions of enlightenment
 C - 4 potions of attraction
 G - 2 potions of invisibility
 K - 3 potions of resistance
 M - 3 potions of haste
 N - a potion of might
 P - 4 potions of brilliance


   Skills:
 - Level 15.3 Fighting
 - Level 14.0 Long Blades
 - Level 14.7 Maces & Flails
 - Level 1.7 Throwing
 + Level 9.7 Armour
 - Level 2.6 Dodging
 + Level 13.6 Evocations


You had 15 spell levels left.
You didn't know any spells.
Your spell library contained the following spells:

 Spells                   Type           Power      Damage    Failure   Level
 Kiss of Death            Conj/Necr      0%         2d5       52%         1
 Magic Dart               Conj           0%         1d3       52%         1
 Necrotise                Necr           0%         1d4       52%         1
 Sandblast                Erth           0%         2d4       52%         1
 Blink                    Tloc           0%         N/A       67%         2
 Ensorcelled Hibernation  Hex/Ice        0%         N/A       67%         2
 Lesser Beckoning         Tloc           0%         N/A       67%         2
 Momentum Strike          Conj/Tloc      0%         3d8       67%         2
 Scorch                   Fire           0%         2d5       67%         2
 Searing Ray              Conj           0%         2d4       67%         2
 Static Discharge         Conj/Air       0%         3-3/arc   67%         2
 Confusing Touch          Hex            0%         N/A       88%         3
 Fugue of the Fallen      Necr           0%         N/A       88%         3
 Gell's Gravitas          Tloc           0%         N/A       88%         3
 Inner Flame              Hex/Fire       0%         N/A       88%         3
 Passwall                 Erth           0%         N/A       88%         3
 Stone Arrow              Conj/Erth      0%         3d7       88%         3
 Teleport Other           Tloc           0%         N/A       88%         3
 Tukima's Dance           Hex            0%         N/A       88%         3
 Vampiric Draining        Necr           0%         2d6       88%         3
 Airstrike                Air            0%         2d(0-16)  99%         4
 Anguish                  Hex/Necr       0%         N/A       99%         4
 Brom's Barrelling Bould  Conj/Erth      0%         2d3       99%         4
 Dispel Undead            Necr           0%         3d6       99%         4
 Flame Wave               Conj/Fire      0%         2d4       99%         4
 Fulminant Prism          Conj/Alch      0%         3d5       99%         4
 Ignite Poison            Fire/Alch      0%         N/A       99%         4
 Martyr's Knell           Necr/Summ      0%         N/A       99%         4
 Passage of Golubria      Tloc           0%         N/A       99%         4
 Sticky Flame             Fire/Alch      0%         2d4       99%         4
 Summon Lightning Spire   Summ/Air       0%         N/A       99%         4
 Curse of Agony           Necr           0%         N/A       100%        5
 Yara's Violent Unravell  Hex/Alch       0%         3d3       100%        5
 Dispersal                Tloc           0%         N/A       100%        6
 Summon Cactus Giant      Summ           0%         N/A       100%        6
 Ignition                 Fire           0%         3d3       100%        8


Dungeon Overview and Level Annotations

Branches:
Dungeon (15/15)            Temple (1/1) D:7            Lair (5/5) D:8
  Swamp (3/4) Lair:3        Snake (1/4) Lair:2        Slime (0/5) Lair:5
    Orc (2/2) D:11            Elf (0/3) Orc:2        Vaults (0/5) D:13
  Sewer (visited)           IceCv (visited)         Volcano (visited)
 Depths: D:15

Altars:
Ashenzari
Cheibriados
Dithmenos
Elyvilon
Fedhas
Gozag
Hepliaklqana
Kikubaaqudgha
Makhleb
Nemelex Xobeh
Okawaru
Qazlal
Ru
Sif Muna
Trog
Uskayaw
Vehumet
Wu Jian
Xom
Yredelemnul
Zin
The Shining One
Beogh
Ignis
Jiyva

Shops:
D:8 ?   D:12 :   D:13 ?   Orc:2 !*:*(

Portals:
Pandemonium: Orc:2

Annotations:
D:14 2 transporters


Innate Abilities, Weirdness & Mutations

You can wield a second weapon in your off-hand.
It takes a long time for you to wield or remove held weapons.
Your first few attacks do less damage.
Your first movements take longer.
Your magical capacity is low. (-10% MP)


Message History

Unknown command.
You feel better.
The goliath frog no longer looks unusually strong.
The goliath frog hits you from afar.
* * * LOW HITPOINT WARNING * * *
You are splashed with acid!
* * * LOW HITPOINT WARNING * * *
The alligator tail-slaps you.
* * * LOW HITPOINT WARNING * * *
The alligator bites you!
* * * LOW HITPOINT WARNING * * *
The alligator drags you backwards!
You feel better.
The alligator tail-slaps you but does no damage.
The alligator barely misses you.
You feel better.
Your surroundings suddenly seem different.
Splash!
You fall into the shallow water.
Moving in this stuff is going to be slow.
A goliath frog comes into view.
Found a quarterstaff.
As you read the scroll of teleportation, it crumbles to dust.
You feel strangely unstable.
Unknown command.
Your supernatural speed expires.
Unknown command.
You spin and attack the tyrant leech.
You hit the tyrant leech with the +8 scimitar of the Twelve Planets.
You burn the tyrant leech.
The tyrant leech is almost dead.
You sock the tyrant leech with the +6 shillelagh "Devastator"!
The goliath frog shudders.
The goliath frog is moderately wounded.
You kill the tyrant leech!
The Council accepts your kill. The goliath frog hits you from afar!!
* * * LOW HITPOINT WARNING * * *
You are splashed with acid!
You die...

#...#... ..)..#.
##......
.~...#...#..÷#...
♣♣~...##.....##...
♣......##...#.....
♣....~..#.+##...§.
♣~~F~.~.......♣~♣.
♣♣..~..§......~.†.
♣@~~~...~..~~~.~..
♣.~)..~~....~....~
♣♣.F~....~~...~..~
♣§...........~~..§
♣♣~~~~.~.~......~♣
♣~......~.....~~~♣
♣~....~~~~~~~~♣..~
♣♣~~....F~F~~♣~♣..
♣~.~~~.....~...~~.


You could see 3 goliath frogs.

Vanquished Creatures
  Jorgrun (D:12)
  Kirke (Lair:4)
  Gastronok (D:12)
  An orc warlord (Orc:2)
  The ghost of yleetSyT the Marksgoblin, a journeyman CoHu of Dithmenos (Lair:5)
  3 eleionomae
  A spark wasp (Swamp:3)
  2 bunyips (Swamp:1)
  Snorg (D:14)
  3 demonspawn (Orc:2)
  Fannar (D:11)
  2 catoblepae
  An ice dragon (Lair:5)
  7 alligators
  7 hydras
  A ghost crab (Swamp:2)
  A death knight (D:14)
  6 centaur warriors
  3 two-headed ogres
  3 boulder beetles
  4 death yaks (Lair:4)
  A hell hog (Lair:5)
  An orc high priest (Orc:2)
  Urug (Orc:1)
  A soul eater (Orc:2)
  The ghost of Oneirical the Nimble, a novice FeWr of Beogh (D:8)
  7 skeletal warriors
  2 goliath frogs
  A naga ritualist (Snake:1)
  2 bog bodies
  5 spriggan druids
  A lindwurm (Lair:5)
  5 orc knights (Orc:2)
  Pikel (D:5)
  3 deep elf pyromancers
  A necromancer (IceCv)
  6 ugly things
  10 orc sorcerers (Orc:2)
  7 elephants
  6 cyclopes
  An alligator skeleton (Volcano)
  2 ice statues (IceCv)
  2 kobold blastminers (Orc:2)
  A guardian serpent (Lair:2)
  8 black mambas
  Jeremiah (D:7)
  6 torpor snails
  3 gargoyles (Volcano)
  2 rime drakes
  7 cane toads
  An unseen horror (D:11)
  6 komodo dragons
  An efreet (D:15)
  5 ice devils (IceCv)
  A hellwing (Orc:2)
  4 anaconda simulacra (IceCv)
  A red devil (Orc:2)
  9 polar bears (Lair:5)
  A bloated husk (Swamp:2)
  7 trolls
  11 tyrant leeches
  A harpy skeleton (Volcano)
  9 hornets
  3 blink frogs (Lair:4)
  4 raiju (Lair:5)
  9 dream sheep
  2 slime creatures (D:8)
  3 spriggans (Swamp:1)
  A centaur simulacrum (D:14)
  48 yaks
  3 wraiths (D:12)
  2 wyverns
  6 basilisks
  2 dire elephant simulacra (IceCv)
  A vampire (D:11)
  10 wargs
  2 hogs (Lair:4)
  7 vampire mosquitoes
  2 harpy simulacra (IceCv)
  2 steam dragons
  4 swamp worms
  2 acid dragons
  A death yak simulacrum (IceCv)
  12 hell hounds (Lair:5)
  2 hydra simulacra (IceCv)
  10 water moccasins
  17 black bears
  Pargi (Sewer)
  30 orc warriors
  3 elephant zombies (D:7)
  4 ice beasts
  2 laughing skulls (Volcano)
  3 ogres (Orc:2)
  4 centaurs
  13 wolves (Lair:5)
  4 phantoms
  4 lemures (D:5)
  A kobold brigand (D:10)
  A weeping skull (Volcano)
  14 bullfrogs
  5 scorpions
  2 two-headed ogre simulacra (IceCv)
  2 gnoll sergeants
  9 wights (D:7)
  16 killer bees
  2 spriggan skeletons (Volcano)
  A troll skeleton (Volcano)
  7 howler monkeys
  5 bombardier beetles
  2 elephant simulacra (IceCv)
  2 centaur zombies (D:7)
  11 jellies
  A human zombie (D:7)
  25 orc priests
  2 gnoll boudas
  4 hounds
  3 iguanas
  Jessica (D:2)
  3 scorpion zombies (D:7)
  20 orc wizards
  3 hound zombies (D:7)
  A naga skeleton (Volcano)
  2 howler monkey zombies (D:7)
  15 gnolls
  A naga simulacrum (IceCv)
  7 adders
  5 white imps
  An adder zombie (D:7)
  A dart slug (D:1)
  A ribbon worm (D:5)
  77 orcs
  11 endoplasms
  6 giant cockroaches
  6 goblins
  5 hobgoblins
  7 jackals
  3 quokkas
  9 ball pythons
  9 bats
  5 frilled lizards
  20 kobolds
  5 rats
765 creatures vanquished.

Vanquished Creatures (others)
  A swamp dragon (Swamp:2)
  A bloated husk (Swamp:1)
  A human (Lair:4)
3 creatures vanquished.

Grand Total: 768 creatures vanquished

Notes
Turn   | Place    | Note
-------+----------+-------------------------------------------
     0 | D:1      | runemasterragnar the Coglin Gladiator began the quest for
                  | the Orb.
     0 | D:1      | Reached XP level 1. HP: 16/16 MP: 1/1
    70 | D:1      | Reached XP level 2. HP: 18/22 MP: 2/2
   279 | D:1      | Reached XP level 3. HP: 27/28 MP: 3/3
   896 | D:1      | Reached XP level 4. HP: 34/34 MP: 4/4
   962 | D:2      | Noticed Jessica
   972 | D:2      | Killed Jessica
   973 | D:2      | Reached skill level 3 in Fighting
  1116 | D:2      | Reached XP level 5. HP: 41/41 MP: 5/5
  1536 | D:2      | Reached skill level 5 in Long Blades
  1542 | D:2      | Found a faded altar of an unknown god.
  1880 | D:3      | HP: 2/41 [burnt (4)]
  2167 | D:3      | Identified the +2 sling of Quwniuf {freeze, Stlth+}
  2324 | D:3      | Reached XP level 6. HP: 48/48 MP: 6/6
  2669 | D:4      | Reached skill level 4 in Fighting
  3105 | D:5      | Entered Level 5 of the Dungeon
  3173 | D:5      | Reached XP level 7. HP: 30/55 MP: 7/7
  3407 | D:5      | Found a glowing silver altar of Zin.
  3444 | D:5      | Reached skill level 5 in Fighting
  3603 | D:5      | Paralysed by an orc for 5 turns
  3613 | D:5      | Reached XP level 8. HP: 13/63 MP: 8/8
  4202 | D:5      | Reached skill level 6 in Fighting
  4220 | D:5      | Found the +6 shillelagh "Devastator" {shatter}
  4452 | D:5      | Reached skill level 1 in Maces & Flails
  4712 | D:5      | Noticed Pikel
  4721 | D:5      | Killed Pikel
  4722 | D:5      | Reached skill level 7 in Fighting
  4722 | D:5      | Reached XP level 9. HP: 65/72 MP: 9/9
  4997 | D:6      | Identified the +8 scimitar of the Twelve Planets {flame,
                  | ^Fragile rPois Will+ Stlth+}
  5093 | D:6      | Reached skill level 5 in Maces & Flails
  5139 | D:6      | Found a glowing drain.
  5143 | Sewer    | Entered a sewer
  5196 | Sewer    | Noticed Pargi
  5201 | Sewer    | Killed Pargi
  5459 | D:6      | Found a broken altar of Ashenzari.
  5542 | D:6      | Reached skill level 8 in Fighting
  5897 | D:7      | Reached XP level 10. HP: 79/80 MP: 10/10
  5913 | D:7      | Found a staircase to the Ecumenical Temple.
  5918 | Temple   | Entered the Ecumenical Temple
  5927 | Temple   | Became a worshipper of the Wu Jian Council
  5968 | D:7      | Noticed Jeremiah
  5973 | D:7      | Found a basalt altar of Yredelemnul.
  6021 | D:7      | Killed Jeremiah
  6233 | D:7      | Reached * piety under Wu Jian
  6486 | D:7      | Found an ancient bone altar of Kikubaaqudgha.
  6508 | D:7      | Reached skill level 9 in Fighting
  7051 | D:8      | Found a blossoming altar of Fedhas.
  7157 | D:8      | Reached ** piety under Wu Jian
  7160 | D:8      | Found a staircase to the Lair.
  7200 | D:8      | Noticed a two-headed ogre
  7207 | D:8      | Killed a two-headed ogre
  7208 | D:8      | Reached XP level 11. HP: 65/90 MP: 11/11
  7273 | D:8      | Noticed a two-headed ogre
  7280 | D:8      | Killed a two-headed ogre
  7281 | D:8      | Reached skill level 10 in Fighting
  7281 | D:8      | Reached skill level 10 in Maces & Flails
  7542 | D:8      | Found Sablipn's Magic Scroll Emporium.
  7545 | D:8      | Bought a scroll of identify for 30 gold pieces
  7651 | D:8      | Found a runed translucent gate.
  7652 | D:8      | Found a runed translucent gate.
  7652 | D:8      | Found a runed translucent gate.
  7654 | D:8      | Noticed Oneirical's ghost (novice FeWr)
  8026 | D:9      | Identified the +2 pair of gloves of Moireus {rC++ rN+}
  8337 | D:9      | Found a snail-covered altar of Cheibriados.
  8337 | D:9      | Found an opulent altar of Gozag.
  8345 | D:9      | Found a shimmering blue altar of Sif Muna.
  8347 | D:9      | Found a basalt altar of Yredelemnul.
  8349 | D:9      | Found a shadowy altar of Dithmenos.
  8493 | D:9      | Found a sacrificial altar of Ru.
  8639 | D:10     | Entered Level 10 of the Dungeon
  9300 | D:10     | Reached *** piety under Wu Jian
  9579 | D:11     | Found a staircase to the Orcish Mines.
  9775 | D:11     | Noticed Fannar
  9785 | D:11     | Killed Fannar
  9786 | D:11     | Reached skill level 11 in Fighting
  9880 | D:11     | Identified the +4 dagger "Caamuemi" {distort, rElec rC-
                  | Will+}
 10282 | D:12     | Noticed Jorgrun
 10295 | D:12     | Killed Jorgrun
 10296 | D:12     | Reached XP level 12. HP: 34/100 MP: 12/12
 10309 | D:12     | Noticed Gastronok
 10332 | D:12     | Killed Gastronok
 10407 | D:12     | Found Qeimemor's Book Shop.
 10457 | D:12     | Found a frozen archway.
 10467 | IceCv    | Entered an ice cave
 10554 | IceCv    | Reached **** piety under Wu Jian
 10559 | IceCv    | Reached skill level 12 in Fighting
 11199 | D:12     | Identified the scarf "Erejo" {harm, Dex+3}
 11376 | D:12     | Reached XP level 13. HP: 27/109 MP: 13/13
 11722 | D:13     | Found Ywenou's Magic Scroll Shoppe.
 11728 | D:13     | Bought a scroll of identify for 22 gold pieces
 11728 | D:13     | Bought a scroll of identify for 22 gold pieces
 11728 | D:13     | Bought a scroll of identify for 22 gold pieces
 11899 | D:13     | Reached skill level 13 in Fighting
 12006 | D:13     | Found a glowing golden altar of the Shining One.
 12136 | D:13     | Found a gate to the Vaults.
 12768 | D:14     | Found a transporter.
 13048 | D:14     | Reached skill level 10 in Long Blades
 13140 | D:14     | Found a transporter.
 13162 | D:14     | Noticed Snorg
 13171 | D:14     | Killed Snorg
 13873 | D:15     | Entered Level 15 of the Dungeon
 14678 | Lair:1   | Entered Level 1 of the Lair of Beasts
 14862 | Lair:1   | Reached skill level 14 in Fighting
 14956 | Lair:1   | Reached XP level 14. HP: 120/120 MP: 14/14
 15471 | Lair:2   | Found a staircase to the Snake Pit.
 16260 | Lair:3   | Found a staircase to the Swamp.
 16275 | Lair:3   | Reached ***** piety under Wu Jian
 17331 | Lair:4   | Noticed Kirke
 17337 | Lair:4   | Killed Kirke
 18226 | Lair:4   | Reached skill level 15 in Fighting
 18625 | Lair:5   | Entered Level 5 of the Lair of Beasts
 18658 | Lair:5   | Found a dark tunnel.
 18667 | Volcano  | Entered a volcano
 18958 | Volcano  | Reached skill level 1 in Evocations
 19048 | Volcano  | Reached skill level 1 in Armour
 19351 | Lair:5   | Found a staircase to the Slime Pits.
 19786 | Lair:5   | Reached XP level 15. HP: 118/129 MP: 15/15
 19945 | Lair:5   | Reached ****** piety under Wu Jian
 19972 | Lair:5   | Reached skill level 5 in Evocations
 20645 | Lair:5   | Reached skill level 5 in Armour
 21213 | Lair:5   | Paralysed by a hornet for 2 turns
 21667 | Lair:5   | Found a runed translucent door.
 21667 | Lair:5   | Noticed yleetSyT's ghost (journeyman CoHu)
 21844 | Lair:5   | Killed yleetSyT's ghost
 21982 | D:8      | Found a viscous altar of Jiyva.
 21997 | D:8      | Killed Oneirical's ghost
 22284 | Orc:1    | Entered Level 1 of the Orcish Mines
 22351 | Orc:1    | Noticed Urug
 22368 | Orc:1    | Killed Urug
 23026 | Orc:2    | Entered Level 2 of the Orcish Mines
 23423 | Orc:2    | Found Woifoshri's General Store.
 23424 | Orc:2    | Found Jonar's General Store.
 23541 | Orc:2    | Noticed an orc warlord
 23550 | Orc:2    | Found a staircase to the Elven Halls.
 23560 | Orc:2    | Killed an orc warlord
 23849 | Orc:2    | Reached skill level 10 in Evocations
 24008 | Orc:2    | Reached XP level 16. HP: 66/136 MP: 16/16
 24020 | Orc:2    | Gained mutation: Your magical capacity is low. (-10% MP) [a
                  | neqoxec]
 24293 | Orc:2    | Found Loyhoe's Book Emporium.
 24293 | Orc:2    | Found Attoka's Antique Weapon Shoppe.
 24294 | Orc:2    | Found a one-way gate leading to the halls of Pandemonium.
 24419 | Orc:2    | Found a roughly hewn altar of Beogh.
 24480 | Orc:2    | Found Feffeneb's Distillery.
 24489 | Orc:2    | Bought a potion of might for 44 gold pieces
 24489 | Orc:2    | Bought a potion of heal wounds for 55 gold pieces
 24714 | Orc:2    | Bought a scroll of teleportation for 39 gold pieces
 24714 | Orc:2    | Bought a scroll of teleportation for 39 gold pieces
 24716 | Orc:2    | Bought a scroll of teleportation for 30 gold pieces
 24923 | Snake:1  | Entered Level 1 of the Snake Pit
 25312 | Swamp:1  | Entered Level 1 of the Swamp
 27014 | Swamp:2  | Identified the +1 chain mail of Tomorrow {Int+3}
 27226 | Swamp:2  | Found a bloodstained altar of Trog.
 27835 | Swamp:3  | HP: 5/136 [alligator (15)]
 27841 | Swamp:3  | HP: 3/136 [goliath frog (19)]
 27841 | Swamp:3  | Splashed by a goliath frog's acid

Illustrated notes

Levels and vault maps discovered:
D:1:      wheals_arrival_shading, layout_basic, serial_glass, glass_columns_b,
          glass_columns_a, glass_columns_a, glass_columns_c
D:2:      layout_loops_ring, serial_rivers, chequers_serial_rivers_marsh,
          chequers_serial_rivers_room_b, chequers_serial_rivers_micro_d,
          chequers_serial_rivers_marsh, hellmonk_ecumenical_altar_blasted,
          uniq_jessica
D:3:      layout_loops_ring, chequers_mini_garden, minmay_misc_feat_diagonals
D:4:      layout_rooms
D:5:      cheibrodos_fzero, layout_loops_ring,
          mainiacjoe_overflow_concentric_impassable, serial_rivers,
          chequers_serial_rivers_room_b, chequers_serial_rivers_small_b,
          chequers_serial_rivers_micro_c, chequers_serial_rivers_large_b,
          chequers_serial_rivers_large_a, chequers_serial_rivers_marsh,
          uniq_pikel
D:6:      layout_basic, old_standard_altar, gup_sewer_entry_bowl,
          amcnicky_mini_rare_corridor_liquid, nicolae_benzene_ring,
          nicolae_nh_ransacked_shop
D:7:      layout_loops_cross, mainiacjoe_overflow_catwalk,
          minmay_temple_entry_offerings, roadster_capsule_ark_zombie,
          uniq_jeremiah
D:8:      layout_loops_ring, fedhas_ov_isle_minmay, due_lair_maze_entry_diamond,
          serial_shops, nicolae_shop_real_fake_doors, gammafunk_ghost_ooze
D:9:      nicolae_cairo_tiling_large_dashed, layout_basic,
          chequers_temple_overflow_minitemple,
          nicolae_ru_great_annihilating_truth
D:10:     layout_roguey, minmay_misc_feat_square
D:11:     layout_stronghold, orc_0_dummy, uniq_fannar
D:12:     layout_roguey, portal_ice_cave_entry_pillars_1, serial_shops,
          nicolae_shop_tiny_waterfront, nicolae_letterblocks
          [nicolae_letter_subblock, nicolae_letter_subblock,
          nicolae_letter_subblock, nicolae_letter_subblock,
          nicolae_letter_subblock, nicolae_letter_subblock,
          nicolae_letter_subblock, nicolae_letter_subblock,
          nicolae_letter_subblock, nicolae_letter_subblock,
          nicolae_letter_subblock, nicolae_letter_subblock,
          nicolae_letter_subblock, nicolae_letter_subblock,
          nicolae_letter_subblock, nicolae_letter_subblock,
          nicolae_letter_subblock, nicolae_letter_subblock,
          nicolae_letter_subblock, nicolae_letter_subblock,
          nicolae_letter_subblock, nicolae_letter_subblock,
          nicolae_letter_subblock, nicolae_letter_subblock,
          nicolae_letter_subblock], uniq_gastronok, uniq_jorgrun
D:13:     layout_loops_ring, hellmonk_vaults_attempted_burglary, serial_shops,
          nicolae_shop_hallway_plus, tso_metal_star
D:14:     gammafunk_its_a_trap, layout_loops_corners, uniq_snorg
D:15:     grunt_enter_depths_magical_seal, layout_loops_corners,
          nicolae_eternal_life, hellmonk_guarded_unrand_sphere_of_battle,
          uniq_rupert
Temple:   ebering_untended_altars
Lair:1:   layout_long_grid, infiniplex_staircase_pool, serial_bayou_shore_b
Lair:2:   layout_long_grid, minmay_snake_entry_spellcaster
Lair:3:   layout_regular_city, swamp_mist_pool, lemuel_fruit_tree
Lair:4:   layout_hall_layers, uniq_kirke
Lair:5:   hangedman_lair_caniforms_friends, layout_misc_corridors, wormcave,
          nicolae_slime_entry_slimehenge, gammafunk_ghost_grave,
          enter_volcano_3, chequers_serial_rivers_marsh
Swamp:1:  layout_basic_swamp, evilmike_swamp_ruin_house_1, swamp_pool_5,
          nicolae_swamp_decorative_isthmus
Swamp:2:  layout_basic_swamp, basic_altar
Swamp:3:  layout_falls_marsh, serial_swamp_ruin, evilmike_swamp_ruin_house_3,
          evilmike_swamp_ruin_wall, evilmike_swamp_ruin_house_2,
          nicolae_swamp_catching_bugs
Snake:1:  layout_onion_interference, minmay_shop_grove
Orc:1:    layout_caves, uniq_urug
Orc:2:    pf_orc_diabolical, layout_diamond_mine, serial_shops,
          nicolae_shop_hallway_plus, david_defended_altar_orc

Skill      XL: |  1  2  3  4  5  6  7  8  9 10 11 12 13 14 15 16 |
---------------+-------------------------------------------------+-----
Long Blades    | 4 5 6 7 8 11 14 | 14.0
Fighting       | 3 4 5 7 8 9 11 12 14 15 | 15.3
Maces & Flails | 4 6 9 12 14 | 14.7
Evocations     | 2 10 13 | 13.6
Armour         | 1 7 9 |  9.7
Throwing       | |  1.7
Dodging        | |  2.6

Action                     |  1- 3 |  4- 6 |  7- 9 | 10-12 | 13-15 | 16-18 || total
---------------------------+-------+-------+-------+-------+-------+-------++-------
  Melee: Long sword        |    75 |   154 |   163 |       |       |       ||   392
         Dagger            |    32 |    35 |       |       |       |       ||    67
         Unarmed           |       |     5 |       |       |       |       ||     5
         Short sword       |       |    20 |   135 |       |       |       ||   155
         Shillelagh        |       |       |    64 |   228 |   581 |   150 ||  1023
         Scimitar          |       |       |    34 |   226 |   553 |   144 ||   957
  Throw: Boomerang         |       |       |       |     6 |       |       ||     6
         Javelin           |       |       |       |     1 |       |       ||     1
 Invoke: Serpent's Lash    |       |       |       |       |     1 |     2 ||     3
         Heavenly Storm    |       |       |       |       |     3 |       ||     3
Ability: Lunge             |       |       |       |    38 |    65 |    16 ||   119
         Whirlwind         |       |       |       |     1 |     9 |    10 ||    20
  Evoke: Wand              |       |       |     3 |     1 |     4 |       ||     8
    Use: Potion            |       |     2 |     1 |     3 |     4 |     6 ||    16
         Scroll            |       |       |     4 |    20 |     9 |     3 ||    36
   Stab: Paralysed         |       |       |     4 |     1 |     1 |       ||     6
         Sleeping          |       |       |       |    10 |     5 |       ||    15
         Distracted        |       |       |       |     3 |       |       ||     3
         Invisible         |       |       |       |     1 |       |       ||     1
 Armour: Leather armour    |    33 |    17 |       |       |       |       ||    50
         Ring mail         |       |    58 |   145 |   150 |   416 |    76 ||   845
         Skin              |       |     2 |       |       |       |       ||     2
         Ice dragon scales |       |       |       |       |       |    50 ||    50
  Dodge: Dodged            |    53 |   131 |   144 |   140 |   325 |    90 ||   883

Table legend: (Time is in decaauts)
 A = Elapsed time spent in this place.
 B = Non-inter-level travel time spent in this place.
 C = Inter-level travel time spent in this place.
 D = Time resting spent in this place.
 E = Time spent auto-exploring this place.
 F = Levels seen in this place.
 G = Mean time per level.
                   A        B        C        D        E       F      G
               +--------+--------+--------+--------+--------+-----+--------+
         Total |  28788 |  27323 |   1465 |   4357 |  18478 |  30 |  959.6 |
       Dungeon |  15148 |  14233 |    915 |   1415 |  10308 |  15 | 1009.9 |
        Temple |     19 |     11 |      8 |      0 |      0 |   1 |   19.0 |
          Lair |   6859 |   6523 |    336 |    908 |   4875 |   5 | 1371.8 |
         Swamp |   2690 |   2618 |     72 |    808 |   1508 |   3 |  896.7 |
     Snake Pit |    329 |    328 |      1 |    313 |      0 |   1 |  329.0 |
  Orcish Mines |   2505 |   2375 |    130 |    766 |   1231 |   2 | 1252.5 |
         Sewer |    124 |    124 |      0 |      0 |     80 |   1 |  124.0 |
      Ice Cave |    490 |    490 |      0 |    147 |     25 |   1 |  490.0 |
       Volcano |    620 |    620 |      0 |      0 |    450 |   1 |  620.0 |
               +--------+--------+--------+--------+--------+-----+--------+

Top non-repeatable levels by time:
  Lair:5: 2649 daAuts
     D:5: 1753 daAuts
   Orc:2: 1745 daAuts
    D:14: 1630 daAuts
 Swamp:1: 1505 daAuts
  Lair:4: 1407 daAuts
     D:8: 1140 daAuts
  Lair:3: 1134 daAuts
     D:7: 1131 daAuts
    D:12: 1066 daAuts
     D:3: 1010 daAuts
     D:1: 988 daAuts
    D:11: 987 daAuts
    D:13: 961 daAuts
     D:6: 950 daAuts
